 Dungeon Crawl Stone Soup version 0.18.1-48-g4cf74bf (webtiles) character file.

809 Mesmaeker13 the Conjurer (level 7, -3/45 HPs)
             Began as a High Elf Conjurer on Sept 13, 2016.
             Slain by a gnoll
             ... wielding a +0 spear
              (8 damage)
             ... on level 4 of the Dungeon.
             The game lasted 00:14:09 (4512 turns).

Mesmaeker13 the Conjurer (High Elf Conjurer)        Turns: 4512, Time: 00:14:09

Health: -3/45      AC:  3    Str:  9    XL:     7   Next: 61%
Magic:  11/16      EV: 15    Int: 23    God:
Gold:   432        SH:  0    Dex: 15    Spells: 4 memorised, 7 levels left

rFire  . . .     SeeInvis .     q - +1 dagger (venom)
rCold  . . .     Gourm    .     a - +0 robe
rNeg   . . .     Faith    .     (no shield)
rPois  .         Spirit   .     j - +0 helmet {Int+3}
rElec  .         Dismiss  .     (no cloak)
rCorr  .         Reflect  .     (no gloves)
SustAt .         Harm     .     (no boots)
MR     .....                    (no amulet)
Stlth  ++........               (no ring)
                                (no ring)

@: not resistant to hostile enchantments, unstealthy
A: no striking features
a: no special abilities


You were on level 4 of the Dungeon.
You were not hungry.

You visited 1 branch of the dungeon, and saw 4 of its levels.
You also visited: Sewer.

You collected 432 gold pieces.

Inventory:

Hand Weapons
 l - a +0 great sword
 q - a +1 dagger of venom (weapon)
Missiles
 g - 27 poisoned needles
 y - 2 throwing nets (quivered)
Armour
 a - a +0 robe (worn)
 j - a +0 helmet of intelligence (worn)
Wands
 f - a wand of slowing (19/48)
 k - a wand of iceblast (0/15)
 u - a wand of disintegration (12/24)
 z - a wand of teleportation (8/9)
Scrolls
 d - a scroll of remove curse
 e - a scroll of magic mapping
 i - 2 scrolls of enchant weapon
 p - a scroll of recharging
 r - 2 scrolls of teleportation
 s - a scroll of enchant armour {unknown}
 w - a scroll of fog {unknown}
 E - a scroll of random uselessness {unknown}
Potions
 h - a potion of degeneration {unknown}
 n - a potion of lignification
 o - a potion of curing {unknown}
 t - 2 potions of might {unknown}
 v - a potion of heal wounds {unknown}
 x - a potion of cure mutation {unknown}
 B - a potion of haste {unknown}
Books
 b - a book of Conjurations

   Spells                             Type                      Level
   a - Magic Dart                     Conjuration                  1
   b - Searing Ray                    Conjuration                  2
   c - Dazzling Spray                 Conjuration/Hexes            3
   d - Fulminant Prism                Conjuration/Hexes            4
   e - Iskenderun's Mystic Blast      Conjuration                  4
   f - Iskenderun's Battlesphere      Conjuration/Charms           5
Comestibles
 c - 4 bread rations
 m - a royal jelly
 A - a meat ration
 C - 3 chunks of flesh


   Skills:
 + Level 2.6 Fighting
 + Level 5.2 Dodging
 - Level 2.1 Stealth
 + Level 5.7 Spellcasting
 + Level 6.8 Conjurations


You had 7 spell levels left.
You knew the following spells:

 Your Spells              Type           Power        Failure   Level  Hunger
a - Magic Dart            Conj           ####         1%          1    None
b - Searing Ray           Conj           #####.       1%          2    None
c - Dazzling Spray        Conj/Hex       ###...       10%         3    #......
d - Iskenderun's Mystic   Conj           #####...     8%          4    ###....


Dungeon Overview and Level Annotations

Branches:
Dungeon (4/15)
 Temple: D:4-7

Altars:
Ashenzari
Makhleb
Trog
Yredelemnul

Shops:
D:4 [


Message History

Press: ? - help, Shift-Dir - straight line, f - gnoll
Aim: a gnoll, wielding a flail The searing ray hits the gnoll.
The gnoll is moderately wounded.
The gnoll barely misses you.
The searing ray hits the gnoll.
The gnoll is heavily wounded.
The gnoll barely misses you.
The searing ray hits the gnoll.
You kill the gnoll!
The searing ray misses the gnoll.
The searing ray hits the gnoll.
The gnoll is almost dead.
The gnoll hits you with a flail.
The gnoll hits you from afar with a spear.
The gnoll hits you with a flail!
The gnoll hits you from afar with a spear!
The gnoll hits you with a flail!
* * * LOW HITPOINT WARNING * * *
The gnoll hits you from afar with a spear!
You die...

≈≈##.####.##.# ####.##
#.##.# ###...# #.##.#
......# #.##.#
..>...###.##.# ###
.......##.##.#######.#
.....#.##.##.........#
.....#.##.##########.#
.....#.##Ogggggg@..#.#
.....#..#.########.#.#
.....##.#.# #.#.#
.....##.#g# #.#.#
.....##.g.# #.#.#
#.........# #.#.#
#.....g...# #.#.#
#....O....# #.#.#
#)...g....# #.#.#


You could see an ogre and 6 gnolls.

Vanquished Creatures
  Duvessa (D:4)
  An ogre (D:4)
  A crocodile (Sewer)
  Dowan (D:4)
  A scorpion (D:4)
  An orc priest (D:3)
  A hound (D:4)
  A giant frog skeleton (D:4)
  Ijyb (D:1)
  2 worker ants (D:4)
  Robin (D:2)
  4 gnolls (D:4)
  7 adders
  2 river rats (D:3)
  An ooze (D:2)
  6 worms
  2 dart slugs (D:2)
  2 giant geckos
  7 orcs (D:3)
  10 bats
  6 giant cockroaches
  19 goblins
  12 hobgoblins
  20 jackals
  A quokka (D:4)
  3 ball pythons
  A giant newt (D:1)
  5 kobolds
  7 rats
127 creatures vanquished.

Notes
Turn   | Place    | Note
--------------------------------------------------------------
     0 | D:1      | Mesmaeker13 the High Elf Conjurer began the quest for the Orb.
     0 | D:1      | Reached XP level 1. HP: 11/11 MP: 4/4
   429 | D:1      | Reached XP level 2. HP: 17/17 MP: 2/6
   930 | D:2      | Found a faded altar to an unknown god.
   982 | D:2      | Reached XP level 3. HP: 15/21 MP: 4/8
  1043 | D:2      | Found a basalt altar of Yredelemnul.
  1186 | D:2      | Noticed Ijyb
  1191 | D:2      | Learned a level 2 spell: Searing Ray
  1342 | D:1      | Killed Ijyb
  1342 | D:1      | Reached skill level 5 in Conjurations
  1342 | D:1      | Reached XP level 4. HP: 15/27 MP: 1/10
  1678 | D:2      | Noticed Robin
  1719 | D:2      | Killed Robin
  1981 | D:2      | Found a shattered altar of Ashenzari.
  1981 | D:2      | Found a bloodstained altar of Trog.
  2306 | D:3      | Reached XP level 5. HP: 23/31 MP: 5/12
  2365 | D:3      | Learned a level 3 spell: Dazzling Spray
  2713 | D:3      | Found a glowing drain.
  2742 | Sewer    | Entered a sewer
  2902 | Sewer    | Noticed a crocodile
  2919 | Sewer    | Killed a crocodile
  2919 | Sewer    | Reached skill level 6 in Conjurations
  2919 | Sewer    | Reached XP level 6. HP: 18/36 MP: 4/14
  3505 | D:4      | Reached skill level 5 in Spellcasting
  3538 | D:4      | Found Jupal's Armour Boutique.
  3598 | D:4      | Reached skill level 1 in Fighting
  3826 | D:4      | Noticed Duvessa
  3851 | D:4      | Found a burning altar of Makhleb.
  3897 | D:4      | Killed Duvessa
  3897 | D:4      | Reached XP level 7. HP: 44/44 MP: 9/16
  3913 | D:4      | Noticed Dowan
  3922 | D:4      | Killed Dowan
  4110 | D:4      | Reached skill level 5 in Dodging
  4447 | D:4      | Learned a level 4 spell: Iskenderun's Mystic Blast
  4512 | D:4      | Slain by a gnoll

Skill      XL: |  1  2  3  4  5  6  7 |
---------------+----------------------+-----
Spellcasting   | 3 4 5 |  5.7
Conjurations   | 5 6 |  6.8
Dodging        | 3 4 5 |  5.2
Fighting       | 1 2 |  2.6
Stealth        | |  2.1

Action                   |  1- 3 |  4- 6 |  7- 9 || total
-------------------------+-------+-------+-------++-------
Melee: Dagger            |    36 |   111 |    48 ||   195
 Cast: Magic Dart        |    56 |    55 |     6 ||   117
       Searing Ray       |     2 |    17 |     6 ||    25
Evoke: Wand              |       |       |     2 ||     2
  Use: Scroll            |     3 |     4 |     1 ||     8
       Potion            |       |     2 |       ||     2
 Stab: Sleeping          |     1 |     4 |     1 ||     6
       Distracted        |       |     1 |       ||     1
  Eat: Chunk             |     1 |     9 |     2 ||    12
Armor: Robe              |     8 |    21 |     9 ||    38
Dodge: Dodged            |    42 |   101 |    59 ||   202
